WCHLSIM.com - West Coast Hockey League
html PUBLIC "-//W3C//DTD XHTML 1.0 Transitional//EN" "http://www.w3.org/TR/xhtml1/DTD/xhtml1-transitional.dtd"> WCHL - Game 748 - RENO LIONS vs ANAHEIM OUTLAWS

RENO LIONS vs ANAHEIM OUTLAWS

Created - 30 janvier 2020 at 21:05

Goals
1 2 3 T
RENO LIONS 2 0 2 4
ANAHEIM OUTLAWS 1 0 0 1
Shots
1 2 3 T
RENO LIONS 13 9 8 30
ANAHEIM OUTLAWS 5 7 6 18

1st period

1. RENO LIONS , Vincent Hinostroza 12 (Pierre-Luc Dubois 44, Alex Killorn 8) at 2:59 (PP)
2. ANAHEIM OUTLAWS , Matt Duchene 21 (Mark Borowiecki 8, Kevin Fiala 28) at 14:12
3. RENO LIONS , Ryan Pulock 7 (Elias Pettersson 38, Evgeny Dadonov 26) at 18:15 (PP)

Penalties :
Richard Panik (ANA) for High sticking (Minor) at 2:13, Ryan Callahan (ANA) for Cross-checking (Minor) at 16:23

2nd period

No Goal

Penalties :
Drew Stafford (REN) for High sticking (Minor) at 9:26, Jordie Benn (REN) for Elbowing (Minor) at 14:45, Mark Borowiecki (ANA) for Goalie Interference (Minor) at 16:52

3rd period

4. RENO LIONS , Alex Killorn 9 (Blake Coleman 13, Ryan Pulock 23) at 7:04
5. RENO LIONS , Anders Lee 9 (Olli Maatta 10) at 19:18

Penalties :
Robert Bortuzzo (ANA) for Roughing (Minor) at 5:44, Elias Pettersson (REN) for Interference (Minor) at 5:44, Garnet Hathaway (ANA) for Tripping (Minor) at 8:50

Goalie Stats

Jaroslav Halak (REN), 17 saves from 18 shots - (0,944), W, 24-7-1, 60:00 minutes
Mackenzie Blackwood (ANA), 26 saves from 30 shots - (0,867), L, 4-5-2, 60:00 minutes

Players Stats for RENO LIONS

Player Name              G  A  P  +/- PIM S  H  SB GA TA FO     MP     PP MP  PK MP  
------------------------------------------------------------------------------------
Adam McQuaid             0  0  0   0  0   3  0  0  0  0  0/0    16:01   0:00   2:31 
Alex Killorn             1  1  2   1  0   1  1  0  0  0  0/1    19:10   2:43   0:00 
Anders Lee               1  0  1   0  0   4  0  0  0  0  1/2    13:51   0:23   0:00 
Blake Coleman            0  1  1   1  0   3  7  0  0  0  6/11   14:26   0:00   1:47 
Drew Stafford            0  0  0   0  2   2  0  0  0  0  0/0     5:44   0:00   0:00 
Elias Pettersson         0  1  1   0  2   2  0  0  0  0  12/23  19:21   3:30   0:00 
Ethan Bear               0  0  0   1  0   0  0  1  0  0  0/0    17:12   2:43   1:48 
Evgeny Dadonov           0  1  1   0  0   1  0  0  0  0  1/2    17:39   3:53   0:00 
Jordie Benn              0  0  0   1  2   1  5  2  0  0  0/0    20:00   2:43   1:03 
Max Domi                 0  0  0   0  0   0  1  0  0  0  13/23  19:03   3:53   0:00 
Nikolay Goldobin         0  0  0   0  0   0  0  0  0  0  1/1     5:45   0:00   0:00 
Oliver Ekman-Larsson     0  0  0  -1  0   0  6  0  0  0  0/0    22:59   3:53   0:00 
Olli Maatta              0  1  1   1  0   0  4  2  0  0  0/0    20:13   0:00   2:34 
Pierre-Luc Dubois        0  1  1   0  0   4  1  0  0  0  3/4    18:16   2:43   1:47 
Ryan Pulock              1  1  2   0  0   3  1  0  0  0  0/0    23:34   3:53   0:00 
Timo Meier               0  0  0   0  0   3  0  0  0  0  0/0    18:03   0:00   2:11 
Tomas Nosek              0  0  0   0  0   1  2  0  0  0  7/12    7:56   0:00   2:11 
Vincent Hinostroza       1  0  1   0  0   2  0  0  0  0  1/2    14:47   2:43   0:00 

Players Stats for ANAHEIM OUTLAWS

Player Name              G  A  P  +/- PIM S  H  SB GA TA FO     MP     PP MP  PK MP  
------------------------------------------------------------------------------------
Adrian Kempe             0  0  0  -1  0   0  0  0  0  0  14/24  16:18   0:04   3:01 
Duncan Keith             0  0  0  -1  0   2  0  0  0  0  0/0    18:57   2:20   0:00 
Garnet Hathaway          0  0  0  -1  2   1  2  0  0  0  4/13   14:49   0:04   0:00 
John Tavares             0  0  0  -1  0   0  0  2  0  0  0/0    17:06   2:20   0:00 
Jonathan Audy-Marchessau 0  0  0   0  0   1  1  0  0  0  5/8    13:34   1:54   2:07 
Jonathan Drouin          0  0  0   0  0   0  0  0  0  0  0/0     0:35   0:00   0:03 
Keith Yandle             0  0  0   0  0   1  0  0  0  0  0/0    22:17   2:20   2:58 
Kevin Fiala              0  1  1   1  0   3  0  0  0  0  3/13   15:12   0:00   0:00 
Mark Borowiecki          0  1  1   0  2   1  4  2  0  0  0/0    16:26   0:04   0:00 
Matt Duchene             1  0  1   1  0   5  0  0  0  0  3/6    21:21   2:20   0:00 
Maxime Lajoie            0  0  0   0  0   0  0  0  0  0  0/0    19:55   0:00   3:38 
Michael Grabner          0  0  0   0  0   1  0  0  0  0  0/0     1:12   0:00   0:18 
Michael Rasmussen        0  0  0  -2  0   0  0  0  0  0  6/10   19:27   1:38   2:22 
Morgan Rielly            0  0  0  -1  0   0  0  4  0  0  0/0    22:04   1:38   3:41 
Nicholas Ritchie         0  0  0   1  0   0  3  0  0  0  0/0    14:16   0:00   0:00 
Richard Panik            0  0  0   0  2   3  2  0  0  0  0/4    19:37   2:00   2:40 
Robert Bortuzzo          0  0  0   0  2   0  1  2  0  0  0/0    20:19   1:34   2:55 
Ryan Callahan            0  0  0   0  2   0  0  0  0  0  1/3    17:55   1:34   2:41 

3 Stars

1 - Alex Killorn (REN)
2 - Blake Coleman (REN)
3 - Ryan Pulock (REN)

Power Play

RENO LIONS - 2 on 4 Attempt(s) - 50,00%
ANAHEIM OUTLAWS - 0 on 2 Attempt(s) - 0,00%

Penalty Kill

RENO LIONS - 2 on 2 Attempt(s) - 100,00% - Score 0 goal in Penalty Kill
ANAHEIM OUTLAWS - 2 on 4 Attempt(s) - 50,00% - Score 0 goal in Penalty Kill

Team Stat

RENO LIONS - Hits : 28 - Faceoff Wins : 45 - Blocked Shots : 5 - Penalty Minutes : 6
ANAHEIM OUTLAWS - Hits : 13 - Faceoff Wins : 36 - Blocked Shots : 10 - Penalty Minutes : 10

Official

Referees : Evgeny Romasko and Kelly Sutherland
Linesman : Luke Murray and Bevan Mills

Game Notes

Michael Grabner is injured at 3:54 of 1st period (Sore Right Knee)

Finance

Level 1 -- Attendance: 6500 (100,00%) -- Ticket Income 702 000 $
Level 2 -- Attendance: 5500 (100,00%) -- Ticket Income 390 500 $
Level 3 -- Attendance: 2500 (100,00%) -- Ticket Income 107 500 $
Level 4 -- Attendance: 5000 (100,00%) -- Ticket Income 135 000 $
Luxury Box -- Attendance: 1000 (100,00%) -- Ticket Income 215 000 $
Game was played at the Bouch Garden.
Total Attendance: 20500 (100,00%)
Total Ticket Income: 1 550 000 $
Other Income: 465 000 $
Total Income: 2 015 000 $

RENO LIONS

5 vs 5 Forward 
   Center                   Left Wing                Right Wing               Time % Phy DF OF 
 1 Elias Pettersson         Alex Killorn             Timo Meier               35     1   2  2  
 2 Max Domi                 Pierre-Luc Dubois        Evgeny Dadonov           30     1   2  2  
 3 Blake Coleman            Anders Lee               Vincent Hinostroza       25     1   2  2  
 4 Tomas Nosek              Nikolay Goldobin         Drew Stafford            10     1   2  2  

5 vs 5 Defense 
   Defense                  Defense                                           Time % Phy DF OF 
 1 Oliver Ekman-Larsson     Ryan Pulock                                       35     1   2  2  
 2 Olli Maatta              Jordie Benn                                       35     1   2  2  
 3 Ethan Bear               Adam McQuaid                                      25     1   2  2  
 4 Oliver Ekman-Larsson     Ryan Pulock                                       5      1   2  2  

PowerPlay Forward 
   Center                   Left Wing                Right Wing               Time % Phy DF OF 
 1 Max Domi                 Evgeny Dadonov           Elias Pettersson         55     1   2  2  
 2 Pierre-Luc Dubois        Alex Killorn             Vincent Hinostroza       45     1   2  2  

PowerPlay Defense
   Defense                  Defense                                           Time % Phy DF OF 
 1 Oliver Ekman-Larsson     Ryan Pulock                                       55     1   2  2  
 2 Ethan Bear               Jordie Benn                                       45     1   2  2  

Penalty Kill 4 Players Forward 
   Center                   Wing                     Time % Phy DF OF 
 1 Tomas Nosek              Timo Meier               55     1   2  2  
 2 Pierre-Luc Dubois        Blake Coleman            45     1   2  2  

Penalty Kill 4 Players Defense
   Defense                  Defense                  Time % Phy DF OF 
 1 Jordie Benn              Olli Maatta              55     1   2  2  
 2 Ethan Bear               Adam McQuaid             45     1   2  2  

Penalty Kill - 3 Players Forward 
   Forward                                           Time % Phy DF OF 
 1 Blake Coleman                                     55     1   2  2  
 2 Timo Meier                                        45     1   2  2  

Penalty Kill - 3 Players Defense
   Defense                  Defense                  Time % Phy DF OF 
 1 Jordie Benn              Ryan Pulock              55     1   2  2  
 2 Olli Maatta              Ethan Bear               45     1   2  2  

4 vs 4 Forward 
   Center                   Wing                     Time % Phy DF OF 
 1 Max Domi                 Anders Lee               55     1   2  2  
 2 Blake Coleman            Alex Killorn             45     1   2  2  

4 vs 4 Defense
   Defense                  Defense                  Time % Phy DF OF 
 1 Olli Maatta              Adam McQuaid             55     1   2  2  
 2 Ethan Bear               Ryan Pulock              45     1   2  2  

Last Minutes Offensive
   Center                   Left Wing                Right Wing               Defense                  Defense                  
   Max Domi                 Evgeny Dadonov           Elias Pettersson         Oliver Ekman-Larsson     Ryan Pulock              

Last Minutes Defensive
   Center                   Left Wing                Right Wing               Defense                  Defense                  
   Pierre-Luc Dubois        Tomas Nosek              Timo Meier               Jordie Benn              Ryan Pulock              

Goaltenders
Starting : Jaroslav Halak           
Backup : Thomas Greiss            

Extra Forwards
Normal : Elias Pettersson, Evgeny Dadonov, Max Domi - PP : Alex Killorn, Anders Lee - PK : Tomas Nosek
Extra Defensemen
Normal : Oliver Ekman-Larsson, Adam McQuaid, Ryan Pulock - PP : Oliver Ekman-Larsson - PK : Jordie Benn, Olli Maatta
Penalty Shots
Elias Pettersson, Max Domi, Timo Meier, Evgeny Dadonov, Pierre-Luc Dubois
Custom OT Lines Forwards
Timo Meier, Evgeny Dadonov, Elias Pettersson, Pierre-Luc Dubois, Alex Killorn, Max Domi, Anders Lee, Blake Coleman, Vincent Hinostroza, Tomas Nosek
Custom OT Lines Defensemen
Oliver Ekman-Larsson, Ryan Pulock, Olli Maatta, Jordie Benn, Ethan Bear

Scratches
Nicolas Hague (Healthy), Cale Fleury (Healthy), David Kase (Healthy), Gabriel Fortier (Healthy), Glenn Gawdin (Healthy)
Robert Hagg (Healthy), William Karlsson (Sprained Right Ankle Injury), Calvin Pickard (Healthy)

ANAHEIM OUTLAWS

5 vs 5 Forward 
   Center                   Left Wing                Right Wing               Time % Phy DF OF 
 1 Garnet Hathaway          Michael Rasmussen        John Tavares             29     1   1  3  
 2 Kevin Fiala              Nicholas Ritchie         Matt Duchene             29     1   2  2  
 3 Adrian Kempe             Michael Grabner          Richard Panik            25     1   2  2  
 4 Jonathan Audy-MarchessaulMatt Duchene             Ryan Callahan            17     1   3  1  

5 vs 5 Defense 
   Defense                  Defense                                           Time % Phy DF OF 
 1 Mark Borowiecki          Maxime Lajoie                                     35     1   2  2  
 2 Keith Yandle             Robert Bortuzzo                                   35     1   2  2  
 3 Morgan Rielly            Duncan Keith                                      20     1   4  0  
 4 Duncan Keith             Morgan Rielly                                     10     1   2  2  

PowerPlay Forward 
   Center                   Left Wing                Right Wing               Time % Phy DF OF 
 1 Matt Duchene             John Tavares             Richard Panik            50     0   1  4  
 2 Ryan Callahan            Michael Rasmussen        Michael Grabner          50     0   1  4  

PowerPlay Defense
   Defense                  Defense                                           Time % Phy DF OF 
 1 Duncan Keith             Keith Yandle                                      50     1   1  3  
 2 Robert Bortuzzo          Morgan Rielly                                     50     1   1  3  

Penalty Kill 4 Players Forward 
   Center                   Wing                     Time % Phy DF OF 
 1 Michael Rasmussen        Richard Panik            50     1   4  0  
 2 Michael Grabner          Ryan Callahan            50     1   4  0  

Penalty Kill 4 Players Defense
   Defense                  Defense                  Time % Phy DF OF 
 1 Robert Bortuzzo          Keith Yandle             50     1   4  0  
 2 Morgan Rielly            Maxime Lajoie            50     1   4  0  

Penalty Kill - 3 Players Forward 
   Forward                                           Time % Phy DF OF 
 1 Richard Panik                                     55     1   2  2  
 2 Ryan Callahan                                     45     1   2  2  

Penalty Kill - 3 Players Defense
   Defense                  Defense                  Time % Phy DF OF 
 1 Mark Borowiecki          Morgan Rielly            55     1   2  2  
 2 Keith Yandle             Robert Bortuzzo          45     1   2  2  

4 vs 4 Forward 
   Center                   Wing                     Time % Phy DF OF 
 1 Michael Grabner          Michael Rasmussen        50     1   2  2  
 2 Ryan Callahan            Richard Panik            50     1   2  2  

4 vs 4 Defense
   Defense                  Defense                  Time % Phy DF OF 
 1 Keith Yandle             Morgan Rielly            50     1   2  2  
 2 Robert Bortuzzo          Duncan Keith             50     1   2  2  

Last Minutes Offensive
   Center                   Left Wing                Right Wing               Defense                  Defense                  
   Kevin Fiala              Michael Rasmussen        John Tavares             Robert Bortuzzo          Mark Borowiecki          

Last Minutes Defensive
   Center                   Left Wing                Right Wing               Defense                  Defense                  
   Garnet Hathaway          Michael Grabner          Michael Rasmussen        Maxime Lajoie            Keith Yandle             

Goaltenders
Starting : Mackenzie Blackwood      
Backup : Matthew Murray           

Extra Forwards
Normal : Michael Grabner, Richard Panik, Ryan Callahan - PP : Ryan Callahan, Richard Panik - PK : Richard Panik
Extra Defensemen
Normal : Keith Yandle, Morgan Rielly, Robert Bortuzzo - PP : Keith Yandle - PK : Morgan Rielly, Keith Yandle
Penalty Shots
Richard Panik, Ryan Callahan, Michael Grabner, John Tavares, Michael Rasmussen
Custom OT Lines Forwards
Michael Rasmussen, Garnet Hathaway, John Tavares, Kevin Fiala, Matt Duchene, Ryan Callahan, Michael Grabner, Nicholas Ritchie, Richard Panik, Adrian Kempe
Custom OT Lines Defensemen
Keith Yandle, Morgan Rielly, Maxime Lajoie, Robert Bortuzzo, Mark Borowiecki

Scratches
Brett Pollock (Healthy), Cole Bardreau (Healthy), Frederik Gauthier (Healthy), Joe Hicketts (Healthy), Thomas Hickey (Left Hand Injury)
Logan Shaw (Healthy), Mike Condon (Healthy)

% Time on Ice - RENO LIONS

Lines # - Real PCT - Wanted PCT - Time Play
Normal Forward
1 - 33% - 35% - 15:52
2 - 29% - 30% - 13:46
3 - 25% - 25% - 12:04
4 - 12% - 10% - 5:45
Normal Defense
1 - 39% - 35% - 18:31
2 - 34% - 35% - 16:15
3 - 26% - 25% - 12:06
4 - 1% - 5% - 0:35
PP Forward
1 - 59% - 55% - 3:53
2 - 41% - 45% - 2:43
PP Defense
1 - 59% - 55% - 3:53
2 - 41% - 45% - 2:43
PK Forward
1 - 55% - 55% - 2:11
2 - 45% - 45% - 1:47
PK Defense
1 - 65% - 55% - 2:34
2 - 35% - 45% - 1:24
PK3 Forward
1 - 0% - 55%
2 - 0% - 45%
PK3 Defense
1 - 0% - 55%
2 - 0% - 45%
44 Forward
1 - 71% - 55% - 1:24
2 - 29% - 45% - 0:35
44 Defense
1 - 71% - 55% - 1:24
2 - 29% - 45% - 0:35
Last Minute Offensive  - 0:00
Last Minute Defensive  - 0:00
Total
Forward - 60:00
Defense - 60:00

% Time on Ice - ANAHEIM OUTLAWS

Lines # - Real PCT - Wanted PCT - Time Play
Normal Forward
1 - 31% - 29% - 14:46
2 - 30% - 29% - 14:16
3 - 26% - 25% - 12:32
4 - 12% - 17% - 5:53
Normal Defense
1 - 34% - 35% - 16:17
2 - 33% - 35% - 15:51
3 - 21% - 20% - 10:11
4 - 11% - 10% - 5:08
PP Forward
1 - 59% - 50% - 2:20
2 - 41% - 50% - 1:38
PP Defense
1 - 59% - 50% - 2:20
2 - 41% - 50% - 1:38
PK Forward
1 - 34% - 50% - 2:13
2 - 66% - 50% - 4:23
PK Defense
1 - 45% - 50% - 2:58
2 - 55% - 50% - 3:38
PK3 Forward
1 - 0% - 55%
2 - 0% - 45%
PK3 Defense
1 - 0% - 55%
2 - 0% - 45%
44 Forward
1 - 34% - 50% - 0:41
2 - 66% - 50% - 1:18
44 Defense
1 - 38% - 50% - 0:45
2 - 62% - 50% - 1:14
Last Minute Offensive  - 0:00
Last Minute Defensive  - 0:00
Total
Forward - 60:00
Defense - 60:00

Play-by-Play

1st period


0:01 of 1st period - Elias Pettersson wins face-off versus Garnet Hathaway in neutral zone.
0:01 of 1st period - Elias Pettersson is hit by Garnet Hathaway.
1:07 of 1st period - Shot by Kevin Fiala.
1:07 of 1st period - Stopped by Jaroslav Halak without a rebound.
1:08 of 1st period - Adrian Kempe wins face-off versus Max Domi in RENO LIONS zone.
1:08 of 1st period - Adrian Kempe is hit by Olli Maatta.
1:16 of 1st period - Shot by Michael Grabner.
1:16 of 1st period - Shot Misses the Net.
1:32 of 1st period - Shot by Michael Grabner.
1:32 of 1st period - Stopped by Jaroslav Halak without a rebound.
1:33 of 1st period - Blake Coleman wins face-off versus Jonathan Audy-Marchessault in RENO LIONS zone.
1:38 of 1st period - Robert Bortuzzo is hit by Blake Coleman and loses puck.
2:04 of 1st period - Off-side.
2:05 of 1st period - Adrian Kempe wins face-off versus Max Domi in neutral zone.
2:13 of 1st period - Minor Penalty to Richard Panik for High sticking.
2:14 of 1st period - Michael Rasmussen wins face-off versus Max Domi in ANAHEIM OUTLAWS zone.
2:35 of 1st period - Off-side.
2:36 of 1st period - Pierre-Luc Dubois wins face-off versus Michael Rasmussen in neutral zone.
2:57 of 1st period - Shot by Pierre-Luc Dubois.
2:57 of 1st period - Shot Blocked by Robert Bortuzzo.
2:59 of 1st period - Shot by Pierre-Luc Dubois.
2:59 of 1st period - Deflect By Vincent Hinostroza.
2:59 of 1st period - Goal by Vincent Hinostroza - RENO LIONS : 1 - ANAHEIM OUTLAWS : 0.
3:00 of 1st period - Nikolay Goldobin wins face-off versus Kevin Fiala in neutral zone.
3:16 of 1st period - Nikolay Goldobin is hit by Mark Borowiecki and loses puck.
3:32 of 1st period - Shot by Tomas Nosek.
3:32 of 1st period - Shot Misses the Net.
3:34 of 1st period - Shot by Ryan Pulock.
3:34 of 1st period - Stopped by Mackenzie Blackwood without a rebound.
3:35 of 1st period - Max Domi wins face-off versus Richard Panik in ANAHEIM OUTLAWS zone.
3:45 of 1st period - Max Domi is hit by Robert Bortuzzo and loses puck.
3:53 of 1st period - Michael Grabner is hit by Jordie Benn and loses puck.
3:54 of 1st period - Michael Grabner from ANAHEIM OUTLAWS is injured at 3:54 of 1st period (Sore Right Knee).
3:55 of 1st period - Blake Coleman wins face-off versus Michael Rasmussen in RENO LIONS zone.
4:07 of 1st period - Shot by John Tavares.
4:07 of 1st period - Shot Misses the Net.
4:13 of 1st period - Shot by Blake Coleman.
4:13 of 1st period - Shot Blocked by Morgan Rielly.
4:30 of 1st period - Shot by Anders Lee.
4:30 of 1st period - Stopped by Mackenzie Blackwood with a rebound.
4:32 of 1st period - Shot by Blake Coleman.
4:32 of 1st period - Deflect By Vincent Hinostroza.
4:32 of 1st period - Stopped by Mackenzie Blackwood with a rebound.
4:34 of 1st period - Shot by Adam McQuaid.
4:34 of 1st period - Shot Blocked by Morgan Rielly.
4:38 of 1st period - Shot by Blake Coleman.
4:38 of 1st period - Shot Blocked by John Tavares.
5:05 of 1st period - Shot by Timo Meier.
5:05 of 1st period - Shot Hit the Post.
5:51 of 1st period - Shot by Evgeny Dadonov.
5:51 of 1st period - Shot Misses the Net.
7:02 of 1st period - Blake Coleman is hit by Richard Panik and loses puck.
7:12 of 1st period - Richard Panik is hit by Blake Coleman and loses puck.
7:46 of 1st period - Icing by Adrian Kempe.
7:47 of 1st period - Elias Pettersson wins face-off versus Adrian Kempe in ANAHEIM OUTLAWS zone.
7:48 of 1st period - Shot by Timo Meier.
7:48 of 1st period - Shot Blocked by Mark Borowiecki.
9:32 of 1st period - Icing by Keith Yandle.
9:33 of 1st period - Tomas Nosek wins face-off versus Garnet Hathaway in ANAHEIM OUTLAWS zone.
9:49 of 1st period - Shot by Drew Stafford.
9:49 of 1st period - Stopped by Mackenzie Blackwood with a rebound.
9:51 of 1st period - Shot by Ethan Bear.
9:51 of 1st period - Shot Misses the Net.
9:53 of 1st period - Shot by Adam McQuaid.
9:53 of 1st period - Stopped by Mackenzie Blackwood with a rebound.
9:55 of 1st period - Shot by Adam McQuaid.
9:55 of 1st period - Stopped by Mackenzie Blackwood without a rebound.
9:56 of 1st period - Elias Pettersson wins face-off versus Adrian Kempe in ANAHEIM OUTLAWS zone.
9:59 of 1st period - Shot by Alex Killorn.
9:59 of 1st period - Shot Misses the Net.
10:47 of 1st period - Icing by Alex Killorn.
10:48 of 1st period - Elias Pettersson wins face-off versus Kevin Fiala in RENO LIONS zone.
10:48 of 1st period - Timo Meier is hit by Nicholas Ritchie and loses puck.
10:57 of 1st period - Shot by Matt Duchene.
10:57 of 1st period - Deflect By Nicholas Ritchie.
10:57 of 1st period - Shot Misses the Net.
10:59 of 1st period - Shot by Duncan Keith.
10:59 of 1st period - Stopped by Jaroslav Halak without a rebound.
11:00 of 1st period - Max Domi wins face-off versus Adrian Kempe in RENO LIONS zone.
11:09 of 1st period - Icing by Morgan Rielly.
11:10 of 1st period - Adrian Kempe wins face-off versus Blake Coleman in ANAHEIM OUTLAWS zone.
11:14 of 1st period - Off-side.
11:15 of 1st period - Pierre-Luc Dubois wins face-off versus Jonathan Audy-Marchessault in neutral zone.
11:27 of 1st period - Icing by Matt Duchene.
11:28 of 1st period - Jonathan Audy-Marchessault wins face-off versus Blake Coleman in ANAHEIM OUTLAWS zone.
11:28 of 1st period - Jonathan Audy-Marchessault is hit by Blake Coleman.
11:40 of 1st period - Shot by Blake Coleman.
11:40 of 1st period - Stopped by Mackenzie Blackwood without a rebound.
11:41 of 1st period - Max Domi wins face-off versus Garnet Hathaway in ANAHEIM OUTLAWS zone.
12:34 of 1st period - Shot by Matt Duchene.
12:34 of 1st period - Shot Blocked by Jordie Benn.
12:41 of 1st period - Icing by Olli Maatta.
12:42 of 1st period - Adrian Kempe wins face-off versus Max Domi in RENO LIONS zone.
12:42 of 1st period - Adrian Kempe is hit by Jordie Benn.
12:44 of 1st period - Shot by Richard Panik.
12:44 of 1st period - Shot Blocked by Olli Maatta.
12:56 of 1st period - Shot by Richard Panik.
12:56 of 1st period - Shot Misses the Net.
14:05 of 1st period - Matt Duchene is hit by Oliver Ekman-Larsson and loses puck.
14:12 of 1st period - Shot by Matt Duchene.
14:12 of 1st period - Goal by Matt Duchene - RENO LIONS : 1 - ANAHEIM OUTLAWS : 1.
14:13 of 1st period - Garnet Hathaway wins face-off versus Elias Pettersson in neutral zone.
14:26 of 1st period - Shot by Timo Meier.
14:26 of 1st period - Stopped by Mackenzie Blackwood without a rebound.
14:27 of 1st period - Kevin Fiala wins face-off versus Tomas Nosek in ANAHEIM OUTLAWS zone.
14:40 of 1st period - Shot by Tomas Nosek.
14:40 of 1st period - Shot Misses the Net.
14:42 of 1st period - Shot by Ethan Bear.
14:42 of 1st period - Deflect By Drew Stafford.
14:42 of 1st period - Stopped by Mackenzie Blackwood with a rebound.
15:00 of 1st period - Shot by Nikolay Goldobin.
15:00 of 1st period - Shot Misses the Net.
15:11 of 1st period - Icing by Keith Yandle.
15:12 of 1st period - Kevin Fiala wins face-off versus Elias Pettersson in ANAHEIM OUTLAWS zone.
15:27 of 1st period - Shot by Alex Killorn.
15:27 of 1st period - Shot Misses the Net.
15:33 of 1st period - Shot by Elias Pettersson.
15:33 of 1st period - Stopped by Mackenzie Blackwood without a rebound.
15:34 of 1st period - Blake Coleman wins face-off versus Garnet Hathaway in ANAHEIM OUTLAWS zone.
16:23 of 1st period - Minor Penalty to Ryan Callahan for Cross-checking.
16:24 of 1st period - Max Domi wins face-off versus Richard Panik in ANAHEIM OUTLAWS zone.
16:33 of 1st period - Shot by Max Domi.
16:33 of 1st period - Shot Blocked by Morgan Rielly.
16:43 of 1st period - Keith Yandle is hit by Max Domi and loses puck.
17:27 of 1st period - Icing by Jordie Benn.
17:28 of 1st period - Pierre-Luc Dubois wins face-off versus Adrian Kempe in RENO LIONS zone.
18:05 of 1st period - Shot by Pierre-Luc Dubois.
18:05 of 1st period - Stopped by Mackenzie Blackwood without a rebound.
18:06 of 1st period - Max Domi wins face-off versus Michael Rasmussen in ANAHEIM OUTLAWS zone.
18:13 of 1st period - Shot by Elias Pettersson.
18:13 of 1st period - Shot Misses the Net.
18:15 of 1st period - Shot by Ryan Pulock.
18:15 of 1st period - Goal by Ryan Pulock - RENO LIONS : 2 - ANAHEIM OUTLAWS : 1.
18:16 of 1st period - Tomas Nosek wins face-off versus Kevin Fiala in neutral zone.
18:18 of 1st period - Off-side.
18:19 of 1st period - Elias Pettersson wins face-off versus Kevin Fiala in neutral zone.
18:36 of 1st period - Shot by Matt Duchene.
18:36 of 1st period - Stopped by Jaroslav Halak without a rebound.
18:37 of 1st period - Max Domi wins face-off versus Adrian Kempe in RENO LIONS zone.
18:42 of 1st period - Richard Panik is hit by Pierre-Luc Dubois and loses puck.
19:15 of 1st period - Shot by Max Domi.
19:15 of 1st period - Shot Misses the Net.
19:25 of 1st period - Adam McQuaid is hit by Richard Panik and loses puck.
Goals for this period are 2 for RENO LIONS vs 1 for ANAHEIM OUTLAWS.
Shots for this period are 13 for RENO LIONS vs 5 for ANAHEIM OUTLAWS.

2nd period


0:01 of 2nd period - Jonathan Audy-Marchessault wins face-off versus Elias Pettersson in neutral zone.
0:06 of 2nd period - Ryan Pulock is hit by Jonathan Audy-Marchessault and loses puck.
0:17 of 2nd period - Shot by Matt Duchene.
0:17 of 2nd period - Shot Misses the Net.
0:36 of 2nd period - Matt Duchene is hit by Oliver Ekman-Larsson and loses puck.
0:43 of 2nd period - Shot by Matt Duchene.
0:43 of 2nd period - Shot Misses the Net.
0:54 of 2nd period - Elias Pettersson is hit by Mark Borowiecki and loses puck.
1:11 of 2nd period - Shot by Garnet Hathaway.
1:11 of 2nd period - Stopped by Jaroslav Halak with a rebound.
1:13 of 2nd period - Shot by Garnet Hathaway.
1:13 of 2nd period - Shot Misses the Net.
1:25 of 2nd period - Shot by Michael Rasmussen.
1:25 of 2nd period - Shot Blocked by Jordie Benn.
1:28 of 2nd period - Michael Rasmussen is hit by Olli Maatta.
1:54 of 2nd period - Richard Panik is hit by Jordie Benn and loses puck.
2:02 of 2nd period - Richard Panik is hit by Olli Maatta and loses puck.
2:08 of 2nd period - Richard Panik is hit by Jordie Benn and loses puck.
2:41 of 2nd period - Shot by Kevin Fiala.
2:41 of 2nd period - Stopped by Jaroslav Halak without a rebound.
2:42 of 2nd period - Elias Pettersson wins face-off versus Kevin Fiala in RENO LIONS zone.
2:56 of 2nd period - Icing by Mark Borowiecki.
2:57 of 2nd period - Max Domi wins face-off versus Kevin Fiala in ANAHEIM OUTLAWS zone.
3:16 of 2nd period - Shot by Kevin Fiala.
3:16 of 2nd period - Shot Blocked by Ethan Bear.
3:21 of 2nd period - Icing by Ethan Bear.
3:22 of 2nd period - Garnet Hathaway wins face-off versus Max Domi in RENO LIONS zone.
3:31 of 2nd period - Shot by Evgeny Dadonov.
3:31 of 2nd period - Shot Blocked by Robert Bortuzzo.
3:44 of 2nd period - Off-side.
3:45 of 2nd period - Elias Pettersson wins face-off versus Adrian Kempe in neutral zone.
3:50 of 2nd period - Icing by Richard Panik.
3:51 of 2nd period - Adrian Kempe wins face-off versus Elias Pettersson in ANAHEIM OUTLAWS zone.
3:53 of 2nd period - Richard Panik is hit by Alex Killorn and loses puck.
3:58 of 2nd period - Shot by Elias Pettersson.
3:58 of 2nd period - Shot Misses the Net.
4:27 of 2nd period - Icing by Duncan Keith.
4:28 of 2nd period - Adrian Kempe wins face-off versus Tomas Nosek in ANAHEIM OUTLAWS zone.
4:28 of 2nd period - Adrian Kempe is hit by Tomas Nosek.
5:35 of 2nd period - John Tavares is hit by Jordie Benn and loses puck.
5:57 of 2nd period - Pierre-Luc Dubois is hit by Nicholas Ritchie and loses puck.
6:14 of 2nd period - Matt Duchene is hit by Oliver Ekman-Larsson and loses puck.
6:49 of 2nd period - Shot by Elias Pettersson.
6:49 of 2nd period - Stopped by Mackenzie Blackwood without a rebound.
6:50 of 2nd period - Vincent Hinostroza wins face-off versus Garnet Hathaway in ANAHEIM OUTLAWS zone.
6:53 of 2nd period - Shot by Blake Coleman.
6:53 of 2nd period - Stopped by Mackenzie Blackwood without a rebound.
6:54 of 2nd period - Garnet Hathaway wins face-off versus Blake Coleman in ANAHEIM OUTLAWS zone.
7:21 of 2nd period - Shot by Duncan Keith.
7:21 of 2nd period - Stopped by Jaroslav Halak without a rebound.
7:22 of 2nd period - Elias Pettersson wins face-off versus Jonathan Audy-Marchessault in RENO LIONS zone.
7:43 of 2nd period - Shot by Jonathan Audy-Marchessault.
7:43 of 2nd period - Deflect By Matt Duchene.
7:43 of 2nd period - Stopped by Jaroslav Halak with a rebound.
8:39 of 2nd period - Shot by Evgeny Dadonov.
8:39 of 2nd period - Deflect By Max Domi.
8:39 of 2nd period - Shot Blocked by Mark Borowiecki.
8:46 of 2nd period - Shot by Richard Panik.
8:46 of 2nd period - Shot Misses the Net.
8:48 of 2nd period - Shot by Richard Panik.
8:48 of 2nd period - Stopped by Jaroslav Halak with a rebound.
8:50 of 2nd period - Shot by Mark Borowiecki.
8:50 of 2nd period - Stopped by Jaroslav Halak without a rebound.
8:51 of 2nd period - Blake Coleman wins face-off versus Garnet Hathaway in RENO LIONS zone.
8:56 of 2nd period - Shot by Anders Lee.
8:56 of 2nd period - Shot Blocked by John Tavares.
9:08 of 2nd period - Shot by Anders Lee.
9:08 of 2nd period - Stopped by Mackenzie Blackwood with a rebound.
9:16 of 2nd period - Shot by Blake Coleman.
9:16 of 2nd period - Stopped by Mackenzie Blackwood without a rebound.
9:17 of 2nd period - Adrian Kempe wins face-off versus Tomas Nosek in ANAHEIM OUTLAWS zone.
9:17 of 2nd period - Adrian Kempe is hit by Tomas Nosek.
9:26 of 2nd period - Minor Penalty to Drew Stafford for High sticking.
9:27 of 2nd period - Matt Duchene wins face-off versus Tomas Nosek in RENO LIONS zone.
9:39 of 2nd period - Icing by Keith Yandle.
9:40 of 2nd period - Tomas Nosek wins face-off versus Matt Duchene in ANAHEIM OUTLAWS zone.
9:49 of 2nd period - Shot by Timo Meier.
9:49 of 2nd period - Stopped by Mackenzie Blackwood without a rebound.
9:50 of 2nd period - Tomas Nosek wins face-off versus Ryan Callahan in ANAHEIM OUTLAWS zone.
10:08 of 2nd period - Icing by Richard Panik.
10:09 of 2nd period - Michael Rasmussen wins face-off versus Tomas Nosek in ANAHEIM OUTLAWS zone.
11:25 of 2nd period - Off-side.
11:26 of 2nd period - Adrian Kempe wins face-off versus Max Domi in neutral zone.
11:40 of 2nd period - Shot by Evgeny Dadonov.
11:40 of 2nd period - Shot Misses the Net.
11:47 of 2nd period - Pierre-Luc Dubois is hit by Mark Borowiecki and loses puck.
12:04 of 2nd period - Shot by Pierre-Luc Dubois.
12:04 of 2nd period - Stopped by Mackenzie Blackwood without a rebound.
12:05 of 2nd period - Elias Pettersson wins face-off versus Kevin Fiala in ANAHEIM OUTLAWS zone.
12:12 of 2nd period - Shot by Elias Pettersson.
12:12 of 2nd period - Shot Misses the Net.
12:47 of 2nd period - Icing by Timo Meier.
12:48 of 2nd period - Garnet Hathaway wins face-off versus Elias Pettersson in RENO LIONS zone.
13:27 of 2nd period - Off-side.
13:28 of 2nd period - Jonathan Audy-Marchessault wins face-off versus Max Domi in neutral zone.
13:32 of 2nd period - Off-side.
13:33 of 2nd period - Blake Coleman wins face-off versus Matt Duchene in neutral zone.
14:02 of 2nd period - Nicholas Ritchie is hit by Oliver Ekman-Larsson and loses puck.
14:08 of 2nd period - Icing by Ryan Pulock.
14:09 of 2nd period - Blake Coleman wins face-off versus Adrian Kempe in RENO LIONS zone.
14:45 of 2nd period - Minor Penalty to Jordie Benn for Elbowing.
14:46 of 2nd period - Tomas Nosek wins face-off versus Matt Duchene in RENO LIONS zone.
16:47 of 2nd period - Icing by Mark Borowiecki.
16:48 of 2nd period - Elias Pettersson wins face-off versus Adrian Kempe in ANAHEIM OUTLAWS zone.
16:52 of 2nd period - Minor Penalty to Mark Borowiecki for Goalie Interference.
16:53 of 2nd period - Max Domi wins face-off versus Michael Rasmussen in ANAHEIM OUTLAWS zone.
16:56 of 2nd period - Shot by Evgeny Dadonov.
16:56 of 2nd period - Shot Misses the Net.
16:58 of 2nd period - Shot by Max Domi.
16:58 of 2nd period - Shot Blocked by Morgan Rielly.
17:00 of 2nd period - Shot by Ryan Pulock.
17:00 of 2nd period - Stopped by Mackenzie Blackwood without a rebound.
17:01 of 2nd period - Evgeny Dadonov wins face-off versus Richard Panik in ANAHEIM OUTLAWS zone.
17:08 of 2nd period - Shot by Evgeny Dadonov.
17:08 of 2nd period - Stopped by Mackenzie Blackwood without a rebound.
17:09 of 2nd period - Michael Rasmussen wins face-off versus Max Domi in ANAHEIM OUTLAWS zone.
18:29 of 2nd period - Shot by Vincent Hinostroza.
18:29 of 2nd period - Shot Misses the Net.
18:31 of 2nd period - Shot by Jordie Benn.
18:31 of 2nd period - Stopped by Mackenzie Blackwood without a rebound.
18:32 of 2nd period - Michael Rasmussen wins face-off versus Pierre-Luc Dubois in ANAHEIM OUTLAWS zone.
19:30 of 2nd period - Icing by Duncan Keith.
19:31 of 2nd period - Matt Duchene wins face-off versus Elias Pettersson in ANAHEIM OUTLAWS zone.
19:44 of 2nd period - Shot by Kevin Fiala.
19:44 of 2nd period - Stopped by Jaroslav Halak without a rebound.
19:45 of 2nd period - Max Domi wins face-off versus Garnet Hathaway in RENO LIONS zone.
Goals for this period are 0 for RENO LIONS vs 0 for ANAHEIM OUTLAWS.
Shots for this period are 9 for RENO LIONS vs 7 for ANAHEIM OUTLAWS.

3rd period


0:01 of 3rd period - Matt Duchene wins face-off versus Elias Pettersson in neutral zone.
0:06 of 3rd period - Shot by Matt Duchene.
0:06 of 3rd period - Shot Misses the Net.
0:09 of 3rd period - Icing by Jordie Benn.
0:10 of 3rd period - Elias Pettersson wins face-off versus Garnet Hathaway in RENO LIONS zone.
1:27 of 3rd period - Shot by Pierre-Luc Dubois.
1:27 of 3rd period - Stopped by Mackenzie Blackwood without a rebound.
1:28 of 3rd period - Kevin Fiala wins face-off versus Blake Coleman in ANAHEIM OUTLAWS zone.
1:28 of 3rd period - Kevin Fiala is hit by Blake Coleman.
1:54 of 3rd period - Icing by Robert Bortuzzo.
1:55 of 3rd period - Max Domi wins face-off versus Kevin Fiala in ANAHEIM OUTLAWS zone.
2:01 of 3rd period - Nicholas Ritchie is hit by Oliver Ekman-Larsson and loses puck.
2:11 of 3rd period - Nicholas Ritchie is hit by Ryan Pulock and loses puck.
2:21 of 3rd period - Icing by Oliver Ekman-Larsson.
2:22 of 3rd period - Adrian Kempe wins face-off versus Evgeny Dadonov in RENO LIONS zone.
3:05 of 3rd period - Shot by Adrian Kempe.
3:05 of 3rd period - Shot Misses the Net.
4:04 of 3rd period - Timo Meier is hit by Mark Borowiecki and loses puck.
4:37 of 3rd period - Shot by Vincent Hinostroza.
4:37 of 3rd period - Deflect By Anders Lee.
4:37 of 3rd period - Stopped by Mackenzie Blackwood without a rebound.
4:38 of 3rd period - Tomas Nosek wins face-off versus Kevin Fiala in ANAHEIM OUTLAWS zone.
5:23 of 3rd period - Tomas Nosek is hit by Nicholas Ritchie and loses puck.
5:42 of 3rd period - Shot by Elias Pettersson.
5:42 of 3rd period - Shot Misses the Net.
5:44 of 3rd period - Shot by Timo Meier.
5:44 of 3rd period - Stopped by Mackenzie Blackwood without a rebound.
5:44 of 3rd period - Minor Penalty to Robert Bortuzzo for Roughing.
5:44 of 3rd period - Minor Penalty to Elias Pettersson for Interference.
5:45 of 3rd period - Ryan Callahan wins face-off versus Max Domi in ANAHEIM OUTLAWS zone.
5:54 of 3rd period - Shot by Richard Panik.
5:54 of 3rd period - Stopped by Jaroslav Halak without a rebound.
5:55 of 3rd period - Max Domi wins face-off versus Richard Panik in RENO LIONS zone.
6:04 of 3rd period - Shot by Max Domi.
6:04 of 3rd period - Shot Misses the Net.
6:18 of 3rd period - Shot by Anders Lee.
6:18 of 3rd period - Shot Misses the Net.
6:29 of 3rd period - Shot by Richard Panik.
6:29 of 3rd period - Stopped by Jaroslav Halak without a rebound.
6:30 of 3rd period - Adrian Kempe wins face-off versus Alex Killorn in RENO LIONS zone.
7:04 of 3rd period - Shot by Alex Killorn.
7:04 of 3rd period - Goal by Alex Killorn - RENO LIONS : 3 - ANAHEIM OUTLAWS : 1.
7:05 of 3rd period - Max Domi wins face-off versus Ryan Callahan in neutral zone.
7:58 of 3rd period - Shot by Matt Duchene.
7:58 of 3rd period - Stopped by Jaroslav Halak without a rebound.
7:59 of 3rd period - Adrian Kempe wins face-off versus Elias Pettersson in RENO LIONS zone.
8:43 of 3rd period - Icing by Timo Meier.
8:44 of 3rd period - Michael Rasmussen wins face-off versus Elias Pettersson in RENO LIONS zone.
8:50 of 3rd period - Minor Penalty to Garnet Hathaway for Tripping.
8:51 of 3rd period - Max Domi wins face-off versus Adrian Kempe in ANAHEIM OUTLAWS zone.
11:08 of 3rd period - Shot by Tomas Nosek.
11:08 of 3rd period - Stopped by Mackenzie Blackwood without a rebound.
11:09 of 3rd period - Michael Rasmussen wins face-off versus Anders Lee in ANAHEIM OUTLAWS zone.
11:09 of 3rd period - Michael Rasmussen is hit by Blake Coleman.
11:46 of 3rd period - Icing by Duncan Keith.
11:47 of 3rd period - Elias Pettersson wins face-off versus Garnet Hathaway in ANAHEIM OUTLAWS zone.
12:50 of 3rd period - Max Domi is hit by Garnet Hathaway and loses puck.
13:07 of 3rd period - Shot by Evgeny Dadonov.
13:07 of 3rd period - Shot Misses the Net.
13:09 of 3rd period - Shot by Adam McQuaid.
13:09 of 3rd period - Stopped by Mackenzie Blackwood without a rebound.
13:10 of 3rd period - Jonathan Audy-Marchessault wins face-off versus Blake Coleman in ANAHEIM OUTLAWS zone.
13:17 of 3rd period - Shot by Matt Duchene.
13:17 of 3rd period - Shot Misses the Net.
13:28 of 3rd period - Shot by Matt Duchene.
13:28 of 3rd period - Shot Hit the Post.
13:30 of 3rd period - Shot by Keith Yandle.
13:30 of 3rd period - Stopped by Jaroslav Halak with a rebound.
13:32 of 3rd period - Shot by Keith Yandle.
13:32 of 3rd period - Shot Blocked by Olli Maatta.
13:42 of 3rd period - Shot by Matt Duchene.
13:42 of 3rd period - Stopped by Jaroslav Halak without a rebound.
13:43 of 3rd period - Adrian Kempe wins face-off versus Max Domi in RENO LIONS zone.
13:53 of 3rd period - Shot by Jonathan Audy-Marchessault.
13:53 of 3rd period - Stopped by Jaroslav Halak without a rebound.
13:54 of 3rd period - Adrian Kempe wins face-off versus Elias Pettersson in RENO LIONS zone.
13:54 of 3rd period - Richard Panik is hit by Oliver Ekman-Larsson and loses puck.
15:27 of 3rd period - Shot by Pierre-Luc Dubois.
15:27 of 3rd period - Stopped by Mackenzie Blackwood without a rebound.
15:28 of 3rd period - Anders Lee wins face-off versus Adrian Kempe in ANAHEIM OUTLAWS zone.
15:52 of 3rd period - Morgan Rielly is hit by Blake Coleman and loses puck.
18:12 of 3rd period - Shot by Timo Meier.
18:12 of 3rd period - Shot Misses the Net.
18:24 of 3rd period - Shot by Elias Pettersson.
18:24 of 3rd period - Shot Misses the Net.
18:35 of 3rd period - Icing by Jonathan Audy-Marchessault.
18:36 of 3rd period - Jonathan Audy-Marchessault wins face-off versus Vincent Hinostroza in ANAHEIM OUTLAWS zone.
18:36 of 3rd period - Morgan Rielly is hit by Blake Coleman.
18:49 of 3rd period - Mark Borowiecki is hit by Olli Maatta and loses puck.
19:18 of 3rd period - Shot by Anders Lee.
19:18 of 3rd period - Goal by Anders Lee - RENO LIONS : 4 - ANAHEIM OUTLAWS : 1.
19:19 of 3rd period - Tomas Nosek wins face-off versus Kevin Fiala in neutral zone.
19:58 of 3rd period - Off-side.
19:59 of 3rd period - Adrian Kempe wins face-off versus Elias Pettersson in neutral zone.
Goals for this period are 2 for RENO LIONS vs 0 for ANAHEIM OUTLAWS.
Shots for this period are 8 for RENO LIONS vs 6 for ANAHEIM OUTLAWS.


SCOTT
LAUGHTON
IGOR
SHESTERKIN
ALEX
TUCH

EAST COAST

HOCKEY LEAGUE

  • 9.CHI2QUE6
  • 10.LIM2CHA3
  • 11.LON6TRV4
  • 12.BAL3CHW2
  • 13.MANPIT
  • 14.NHWATL
  • 15.PETWOR
  • 16.RHI